Map: Ever Dream LE

Players

BuDucLp - Winner!

  • Race: Terran Terran
  • League: Diamond
  • Spawn Location: 1:00

FrameSticker

  • Race: Protoss Protoss
  • League: Diamond
  • Spawn Location: 7:00

VOD

Have the link to the VOD?

Description

Time

  • Played on: March 17, 2020, 4:32 p.m.
  • Length: 21:47
Show
View Real Time Build Order
Export as new Build Order

BuDucLp Terran - Winner!

Build Orders: Mech 

Get SALT Encoding   

  12  0:01  SCV  
  13  0:13  SCV  
  14  0:18  Supply Depot  
  14  0:25  SCV  
  15  0:40  SCV  
  15  0:41  Barracks  
  16  0:46  Refinery  
  16  0:52  SCV  
  17  1:04  SCV  
  18  1:16  SCV  
  19  1:28  SCV  
  19  1:31  Marine  
  21  1:40  Orbital Command  
  21  1:46  Command Center  
  21  1:55  Barracks Reactor  
  21  1:59  Supply Depot  
  21  2:06  SCV  
  22  2:11  Factory  
  22  2:16  Refinery  
  22  2:25  SCV  
  23  2:33  Bunker  
  23  2:34  Marine x2  
  25  2:37  SCV  
  26  2:49  SCV  
  27  2:52  Marine x2  
  27  2:55  Factory Tech Lab  
  29  3:01  Starport  
  29  3:03  SCV  
  30  3:09  Marine  
  30  3:10  Marine  
  32  3:15  SCV  
  32  3:17  Orbital Command  
  33  3:33  SCV  
  34  3:37  Siege Tank  
  37  3:45  SCV  
  37  3:47  SCV  
  37  3:48  Refinery  
  39  3:50  Starport Tech Lab, Marine  
  40  3:58  SCV  
  40  3:59  SCV  
  42  4:03  Supply Depot  
  42  4:06  Supply Depot, Refinery  
  42  4:10  SCV  
  42  4:11  SCV  
  42  4:13  Raven  
  46  4:25  SCV x2, Siege Tank  
  46  4:28  Engineering Bay  
  51  4:37  SCV x2  
  53  4:38  Marine x2  
  53  4:41  Factory  
  55  4:49  SCV x2  
  55  4:50  Factory  
  57  5:01  SCV x2  
  57  5:02  Siege Tank  
  62  5:10  Supply Depot  
  62  5:17  Command Center  
  62  5:26  Supply Depot  
  62  5:27  Supply Depot  
  62  5:28  Missile Turret  
  62  5:31  SCV  
  62  5:35  Factory Tech Lab  
  63  5:36  Factory Reactor  
  63  5:38  Missile Turret  
  63  5:47  Armory  
  63  5:48  SCV x2  
  65  5:57  Supply Depot  
  65  6:00  SCV  
  66  6:06  SCV  
  66  6:07  Fusion Core  
  66  6:08  Starport Reactor  
  67  6:12  SCV  
  67  6:14  Siege Tank x2  
  74  6:20  Factory  
  74  6:48  Siege Tank x2  
  74  6:49  Hellion x2  
  74  6:51  Drilling Claws, Infernal Pre-Igniter  
  74  6:52  Command Center  
  84  6:58  Supply Depot  
  82  7:11  Missile Turret  
  82  7:24  Refinery, Missile Turret  
  82  7:25  Missile Turret x2  
  82  7:27  Refinery  
  82  7:31  Planetary Fortress  
  82  7:38  SCV  
  82  7:42  Supply Depot, Sensor Tower  
  83  7:46  Terran Vehicle Weapons Level 1  
  83  7:47  Advanced Ballistics  
  83  7:50  Sensor Tower  
  83  7:51  SCV x2  
  85  8:01  Liberator  
  85  8:02  Sensor Tower  
  85  8:03  SCV  
  89  8:09  Liberator  
  89  8:11  Hellion  
  94  8:27  Armory  
  94  8:28  Missile Turret  
  94  8:29  Missile Turret  
  94  8:30  SCV  
  95  8:35  SCV x3  
  98  8:42  SCV  
  98  8:44  Liberator  
  98  8:47  SCV x2  
  104  8:52  Liberator  
  104  8:53  Armory, Factory  
  107  9:01  Siege Tank  
  107  9:02  Siege Tank  
  113  9:04  SCV  
  113  9:05  SCV x2  
  117  9:16  SCV  
  117  9:17  SCV  
  118  9:29  Liberator  
  121  9:32  Refinery  
  121  9:33  Siege Tank  
  121  9:34  Hellion x2  
  121  9:35  Liberator  
  121  9:36  Refinery, Missile Turret  
  131  9:38  Missile Turret  
  131  9:39  Missile Turret  
  131  9:41  SCV x3  
  135  9:45  SCV  
  135  9:52  Terran Vehicle Weapons Level 2  
  132  9:53  SCV  
  132  9:55  Sensor Tower  
  132  9:58  Terran Ship Weapons Level 1, Terran Vehicle And Ship Armor Level 1  
  132  9:59  Factory Tech Lab  
  133  10:01  SCV x2  
  135  10:09  Planetary Fortress  
  135  10:10  SCV  
  135  10:13  SCV  
  138  10:15  Hellion  
  138  10:20  Supply Depot  
  139  10:23  Supply Depot  
  139  10:27  Supply Depot  
  139  10:28  Supply Depot  
  139  10:30  Missile Turret  
  139  10:31  Missile Turret  
  139  10:41  Hellion x4  
  147  10:44  Siege Tank  
  147  10:45  Liberator x2  
  147  10:49  Supply Depot  
  156  10:53  Supply Depot  
  156  11:05  Siege Tank x3  
  156  11:07  Hellion  
  165  11:12  Supply Depot  
  163  11:20  Siege Tank  
  163  11:21  SCV x3  
  163  11:22  SCV  
  164  11:26  Hellion  
  164  11:27  Liberator  
  164  11:28  Liberator  
  172  11:38  Command Center  
  172  11:39  Missile Turret  
  172  11:40  Command Center  
  172  11:41  Starport  
  168  12:08  Siege Tank x4  
  174  12:09  Hellion x2  
  181  12:17  Liberator  
  181  12:18  Liberator  
  181  12:24  SCV x2  
  181  12:27  SCV  
  178  12:37  Starport Tech Lab  
  178  12:39  Terran Ship Weapons Level 2  
  178  12:40  Terran Vehicle Weapons Level 3  
  178  12:48  Siege Tank  
  178  12:50  Hellion x4  
  178  12:51  Starport Tech Lab  
  189  12:59  Liberator  
  189  13:01  Liberator  
  195  13:11  Raven  
  197  13:18  Supply Depot x2  
  197  13:28  Siege Tank  
  200  13:34  Planetary Fortress  
  200  13:45  Refinery  
  200  13:46  Refinery  
  200  13:48  Terran Vehicle And Ship Armor Level 2  
  200  14:00  Command Center, Missile Turret x2  
  200  14:01  Missile Turret, Sensor Tower  
  200  14:02  Missile Turret  
  200  14:04  Planetary Fortress  
  191  15:13  Siege Tank x4  
  170  15:14  Hellion  
  170  15:15  Hellion  
  168  15:23  Battlecruiser, Viking x2  
  178  15:39  Hellion x2  
  178  15:40  Command Center  
  182  15:45  Siege Tank  
  185  15:53  Liberator x2  
  188  16:00  Widow Mine x3  
  188  16:01  Widow Mine  
  181  16:15  Starport  
  181  16:16  Starport x2  
  159  16:29  Thor x4  
  159  16:30  Widow Mine x2  
  181  16:36  Refinery  
  181  16:37  Refinery  
  178  16:43  Battlecruiser  
  178  16:44  Liberator x2  
  181  16:49  Terran Ship Weapons Level 3, Terran Vehicle And Ship Armor Level 3  
  181  16:52  Command Center  
  181  16:57  Widow Mine  
  181  16:58  Widow Mine  
  185  17:03  Missile Turret, Starport Tech Lab  
  185  17:04  Missile Turret  
  185  17:09  Starport Reactor  
  185  17:11  Starport Reactor  
  185  17:15  Missile Turret  
  185  17:19  Missile Turret x2  
  185  17:21  Thor x4  
  199  17:23  Widow Mine  
  182  17:42  Viking x3  
  183  17:47  SCV x3, Viking  
  179  18:06  Weapon Refit  
  179  18:11  Viking  
  181  18:15  Thor x3  
  194  18:37  Viking, Medivac x2  
  190  19:00  Command Center  
  190  19:05  Command Center  
  190  19:06  Planetary Fortress  
  190  19:25  Unknown  
  190  19:27  Missile Turret  
  190  19:28  Missile Turret x2  
  183  19:44  Viking x7  
  197  19:46  Viking, Rapid Reignition System  
  197  19:49  Missile Turret  
  197  19:51  Missile Turret  
  197  19:52  Orbital Command  
  199  19:54  Sensor Tower  
  199  19:55  Missile Turret  
  199  20:04  Planetary Fortress  
  199  20:15  Sensor Tower  
  199  20:22  Command Center  
  199  20:41  Viking  
  199  20:42  Viking x4  
  192  21:02  Thor  
  192  21:04  Widow Mine x2  
Show
View Real Time Build Order
Export as new Build Order

FrameSticker Protoss 

Build Orders: 1 Gate Expand, Colossus Rush 

Get SALT Encoding   

  12  0:00  Probe  
  13  0:13  Probe  
  14  0:18  Pylon  
  14  0:25  Probe (Chrono Boost)  
  15  0:37  Probe (Chrono Boost)  
  15  0:38  Gateway  
  16  0:44  Probe (Chrono Boost)  
  16  0:47  Assimilator  
  17  0:51  Probe  
  18  1:03  Probe  
  19  1:15  Probe  
  20  1:22  Nexus  
  20  1:35  Cybernetics Core  
  20  1:37  Probe  
  21  1:42  Assimilator  
  21  1:49  Probe  
  21  1:52  Pylon  
  22  2:03  Probe  
  23  2:08  Adept (Chrono Boost)  
  23  2:10  Warp Gate  
  25  2:18  Robotics Facility  
  25  2:20  Probe  
  26  2:31  Stalker  
  26  2:32  Probe  
  26  2:35  Probe  
  31  2:44  Probe  
  31  2:47  Probe (Chrono Boost)  
  34  2:59  Probe (Chrono Boost)  
  34  3:02  Probe (Chrono Boost)  
  34  3:06  Probe (Chrono Boost), Observer (Chrono Boost)  
  34  3:09  Probe (Chrono Boost)  
  34  3:11  Assimilator  
  34  3:12  Pylon  
  37  3:13  Probe  
  37  3:19  Observer (Chrono Boost)  
  38  3:20  Probe  
  38  3:25  Probe  
  41  3:28  Robotics Bay  
  41  3:32  Probe  
  40  3:37  Probe  
  42  3:41  Observer  
  42  3:44  Probe  
  43  3:49  Probe, Gateway  
  43  3:50  Gateway  
  43  3:53  Gateway  
  43  3:54  Gateway  
  44  3:56  Probe  
  44  3:58  Assimilator  
  44  4:01  Stalker  
  47  4:03  Probe  
  47  4:07  Pylon  
  50  4:17  Pylon  
  50  4:22  Colossus (Chrono Boost)  
  50  4:26  Probe x2  
  50  4:29  Pylon  
  56  4:31  Sentry  
  56  4:35  Extended Thermal Lance  
  56  4:38  Probe  
  59  4:42  Forge  
  59  4:45  Probe  
  60  4:48  Phoenix  
  60  4:50  Stalker  
  62  4:53  Stalker  
  64  5:03  Pylon  
  64  5:09  Nexus  
  64  5:15  Colossus (Chrono Boost)  
  64  5:16  Protoss Ground Weapons Level 1 (Chrono Boost)  
  71  5:30  Twilight Council, Probe x2  
  72  5:42  Probe x2  
  74  5:45  Gateway  
  74  5:48  Sentry x2  
  78  5:50  Pylon  
  78  5:54  Probe x2  
  78  5:55  Pylon  
  80  6:00  Pylon  
  80  6:03  Colossus (Chrono Boost)  
  80  6:05  Pylon  
  86  6:12  Probe x2  
  86  6:15  Zealot  
  86  6:16  Zealot  
  92  6:20  Zealot  
  95  6:27  Probe x2 (Chrono Boost)  
  94  6:32  Probe (Chrono Boost)  
  94  6:38  Probe (Chrono Boost)  
  95  6:40  Probe (Chrono Boost)  
  95  6:41  Observer  
  95  6:42  Charge  
  95  6:43  Probe  
  96  6:50  Stalker x3  
  96  6:52  Probe x2  
  104  6:56  Pylon  
  104  7:00  Templar Archives  
  104  7:04  Protoss Ground Weapons Level 2 (Chrono Boost)  
  104  7:05  Probe x3  
  106  7:10  Pylon  
  106  7:11  Assimilator  
  106  7:15  Assimilator  
  106  7:17  Probe  
  106  7:21  Zealot x2  
  106  7:22  Zealot  
  113  7:26  Probe x2  
  113  7:29  Gateway  
  115  7:33  Gateway  
  115  7:39  Zealot x2  
  123  7:45  Psionic Storm  
  123  7:47  High Templar x2  
  123  7:49  Zealot  
  123  7:50  Warp Prism (Chrono Boost)  
  123  7:51  Probe x2  
  129  8:01  Pylon  
  129  8:02  High Templar x2  
  129  8:03  Pylon  
  136  8:11  Nexus  
  133  8:15  Pylon  
  133  8:17  Zealot  
  135  8:20  High Templar  
  135  8:21  High Templar  
  139  8:37  Gateway  
  139  8:39  Gateway  
  139  8:40  Gateway, High Templar  
  139  8:41  Zealot x2, High Templar  
  143  8:42  Pylon, Zealot  
  143  8:46  Forge  
  149  8:52  Probe x3  
  152  9:00  High Templar x2  
  152  9:01  Assimilator  
  156  9:02  Archon  
  156  9:03  Archon  
  156  9:04  Assimilator  
  156  9:05  Zealot x3  
  156  9:08  Probe, Pylon  
  163  9:15  Protoss Shields Level 1 (Chrono Boost), Gateway  
  163  9:16  Protoss Ground Weapons Level 3 (Chrono Boost)  
  163  9:19  Pylon  
  162  9:31  Zealot x2  
  162  9:32  Zealot x3  
  170  9:40  Stalker  
  170  10:00  High Templar x2  
  170  10:01  High Templar x3  
  170  10:05  Archon x2  
  170  10:06  Zealot x4  
  170  10:07  Zealot  
  190  10:22  High Templar  
  190  10:26  Archon  
  190  10:28  High Templar x3  
  194  10:30  Zealot  
  194  10:32  Archon  
  183  11:14  Stalker x4  
  183  11:15  Stalker x2  
  194  11:36  Photon Cannon  
  194  11:39  Protoss Ground Armor Level 1 (Chrono Boost)  
  194  11:40  Pylon, Photon Cannon  
  194  11:41  Photon Cannon  
  194  11:42  High Templar x3  
  194  11:43  Protoss Shields Level 2 (Chrono Boost)  
  170  12:09  Stalker  
  170  12:10  Stalker x7  
  185  12:44  Stargate x2  
  185  12:46  Stargate  
  185  12:47  Stargate  
  181  13:01  Nexus  
  181  13:02  Pylon  
  181  13:05  Observer  
  182  13:08  Probe x3  
  182  13:09  Probe  
  186  13:27  Zealot  
  186  13:28  Zealot x6  
  186  13:32  Fleet Beacon  
  186  13:33  Protoss Ground Armor Level 2 (Chrono Boost)  
  200  13:34  Cybernetics Core  
  200  13:40  Protoss Air Weapons Level 1  
  200  13:43  Archon  
  200  13:55  Protoss Shields Level 3 (Chrono Boost)  
  182  14:23  Tempest x3  
  191  14:24  Oracle  
  194  14:32  Probe  
  194  14:34  Protoss Air Armor Level 1  
  193  15:06  Tempest (Chrono Boost)  
  154  15:20  High Templar x5  
  154  15:21  Tempest (Chrono Boost), High Templar x6  
  145  15:31  Archon x3  
  145  15:32  Tempest (Chrono Boost)  
  145  15:33  Tempest (Chrono Boost)  
  148  15:38  Probe  
  148  15:40  Probe  
  120  16:33  Tempest x4 (Chrono Boost)  
  136  16:47  Probe x2  
  136  16:48  Probe x2  
  140  17:00  Probe x4 (Chrono Boost)  
  144  17:11  Probe x2 (Chrono Boost)  
  146  17:21  High Templar x4  
  131  17:46  Zealot x6  
  131  17:49  Oracle  
  146  18:04  Zealot x3  
  146  18:05  Probe x2, Zealot  
  155  18:06  Probe  
  155  18:08  Assimilator  
  155  18:11  Assimilator  
  157  18:37  Protoss Air Weapons Level 2  
  157  18:40  Oracle  
  140  18:50  Tempest  
  145  19:01  Probe x4  
  149  19:08  Nexus  
  149  19:10  Zealot  
  148  19:39  Oracle (Chrono Boost)  
  148  19:40  Tempest x2 (Chrono Boost)  
  158  19:49  Probe x4  
  162  19:55  Unknown  
  162  20:01  Probe x3  
  165  20:11  Nexus  
  165  20:14  Pylon  
  165  20:26  Pylon  
  165  20:27  Tempest (Chrono Boost)  
  146  20:43  Tempest x2 (Chrono Boost)  
  146  20:44  Oracle (Chrono Boost)  
  140  21:06  Tempest (Chrono Boost)  
  140  21:09  Zealot x6  
  157  21:23  Zealot x2  
  157  21:24  Zealot  
  137  21:38  Zealot x3  
  137  21:39  Zealot  
Tags
 
Composition
Mech
Matchup
PvT
Spawn Locations
Cross Positions
Add a new tag
Caveats
  • Supply blocks, unpowered buildings, or Contaminate may cause inaccurate times.
  • Supply counts are checked every 10 seconds.